 Dungeon Crawl Stone Soup version 0.30-a0-6-g7c9e10e132 (webtiles) character file.

Game seed: 17665142165153781859

88 ytrimaz the Trooper (level 4, -1/37 HPs)
             Began as a Demonspawn Monk on Aug 22, 2022.
             Slain by a gnoll
             ... wielding a +0 flail
              (9 damage)
             ... on level 2 of the Dungeon.
             The game lasted 00:01:27 (1953 turns).

ytrimaz the Trooper (Demonspawn Monk)               Turns: 1953, Time: 00:01:27

Health: -1/37      AC:  2    Str: 11    XL:     4   Next: 29%
Magic:  13/13      EV: 13    Int: 13    God:
Gold:   115        SH:  0    Dex: 16    Spells: 3/3 levels left

rFire   . . .      SeeInvis .      - Unarmed
rCold   . . .      Faith    .    (no shield)
rNeg    . . .      Spirit   .    a - +0 robe
rPois   .          Reflect  .    (no helmet)
rElec   .          Harm     .    (no cloak)
rCorr   .          Rampage  .    (no gloves)
Will    .....                    (no boots)
Stlth   ++........               (no amulet)
HPRegen 0.12/turn                e - ring of magical power
MPRegen 0.13/turn                (no ring)

@: no status effects
A: weakness stinger 1, demonic touch 1
a: no special abilities


You were on level 2 of the Dungeon.
You visited 1 branch of the dungeon, and saw 2 of its levels.

You collected 115 gold pieces.

Inventory:

Armour
 a - a +0 robe (worn)
Jewellery
 e - a ring of magical power (left hand)
Scrolls
 c - a scroll of enchant weapon {unknown}
 d - 3 scrolls of identify
 h - a scroll of magic mapping
Potions
 b - a potion of haste
 f - 3 potions of flight
 g - a potion of curing


   Skills:
 + Level 4.0 Fighting
 - Level 2.6 Dodging
 - Level 1.7 Stealth
 + Level 4.0 Unarmed Combat


You had 3 spell levels left.
You didn't know any spells.
Your spell library was empty.

Dungeon Overview and Level Annotations

Branches:
Dungeon (2/15)

Altars:

Annotations:
D:2 Terence


Innate Abilities, Weirdness & Mutations

You have a small tail.
Your touch may inflict minor irresistible damage on your foes.


Message History

2 gnolls come into view.
There are monsters nearby!
There are monsters nearby!
A gnoll comes into view. It is wielding a +0 club.
Found a dagger.
The helpless gnoll fails to defend itself.
You hit the gnoll but do no damage. You tail-slap the gnoll.
The gnoll is moderately wounded.
The gnoll hits you with a +0 club!
You hit the gnoll.
You touch the gnoll!
You kill the gnoll!
The gnoll barely misses you.
Terence the Incautious comes into view.
He is wielding a +2 flail of draining, wearing a +1 chain mail of willpower and carrying a wand of digging (7).
The gnoll completely misses you.
Things that are here:
a +0 halberd; a gnoll corpse Unknown command.
You hit the gnoll.
You touch the gnoll!
You kill the gnoll!
Your Fighting skill increases to level 4!
Your Unarmed Combat skill increases to level 4!
The gnoll shouts!
You hear a shout!
A ball python and a gnoll come into view.
The ball python hisses angrily.
The gnoll barely misses you.
You hit the gnoll.
The gnoll is moderately wounded.
The gnoll hits you from afar with a +0 spear.
You hit the gnoll.
The gnoll is severely wounded.
The gnoll hits you from afar with a +0 spear!
The gnoll closely misses you.
A hobgoblin comes into view.
Unknown command.
You closely miss the gnoll.
The gnoll is severely wounded.
The gnoll hits you from afar with a +0 spear!
* * * LOW HITPOINT WARNING * * *
The gnoll hits you with a +0 flail!
You die...

..~.≈.~...#.......
.~.~.~.~..#.....###
~.~...~.~#.##.###
.~.....~..## <
.#.....#.##
#.#####†#####.
#............#
##########†#######.#
#.g.S.@@)#.#####
#.###..g)......#
#g##.#)###.# #.
#.#.# . ..... ##
##..... ......#
#.....# .)....#
##+##


You could see Terence, 2 gnolls, a hobgoblin and a ball python.

Vanquished Creatures
  Jessica (D:2)
  An adder (D:2)
  2 gnolls (D:2)
  A worm (D:2)
  A ball python (D:1)
  3 bats (D:2)
  An endoplasm (D:1)
  3 giant cockroaches
  3 goblins
  2 hobgoblins
  6 kobolds
  A quokka (D:1)
  4 frilled lizards
  3 rats
32 creatures vanquished.

Notes
Turn   | Place    | Note
-------+----------+-------------------------------------------
     0 | D:1      | ytrimaz the Demonspawn Monk began the quest for the Orb.
     0 | D:1      | Reached XP level 1. HP: 18/18 MP: 1/1
   380 | D:1      | Discovered your monstrous ancestry.
   380 | D:1      | Gained mutation: You have a small tail. [demonic ancestry]
   380 | D:1      | Reached XP level 2. HP: 15/24 MP: 2/2
  1287 | D:2      | Noticed Jessica
  1310 | D:2      | Killed Jessica
  1311 | D:2      | Gained mutation: Your touch may inflict minor irresistible
                  | damage on your foes. [demonic ancestry]
  1311 | D:2      | Reached XP level 3. HP: 16/30 MP: 3/3
  1712 | D:2      | Found a faded altar of an unknown god.
  1932 | D:2      | Reached XP level 4. HP: 35/37 MP: 4/4
  1947 | D:2      | Noticed Terence
  1953 | D:2      | Slain by a gnoll

Illustrated notes

Levels and vault maps discovered:
D:1:      minmay_arrival_widening_spiral_wide, layout_loops_ring,
          minmay_tetromino_s2
D:2:      layout_loops_corners, shapermc_ecumenical_altar_starsandcircs,
          st_stairs_5, minmay_hedge_maze, chequers_serial_rivers_large_b,
          uniq_terence, uniq_jessica

Skill      XL: |  1  2  3  4 |
---------------+-------------+-----
Unarmed Combat | 3 4 |  4.0
Fighting       | 4 |  4.0
Dodging        | |  2.6
Stealth        | |  1.7

Action                   |  1- 3 |  4- 6 || total
-------------------------+-------+-------++-------
Melee: Unarmed           |   113 |     6 ||   119
       Tailslap          |     5 |     1 ||     6
       Punch             |     5 |       ||     5
       Touch             |     5 |     2 ||     7
  Use: Scroll            |     8 |       ||     8
       Potion            |     1 |       ||     1
 Stab: Sleeping          |     2 |     1 ||     3
Armor: Robe              |    19 |       ||    19
Dodge: Dodged            |    89 |     4 ||    93

Table legend: (Time is in decaauts)
 A = Elapsed time spent in this place.
 B = Non-inter-level travel time spent in this place.
 C = Inter-level travel time spent in this place.
 D = Time resting spent in this place.
 E = Time spent auto-exploring this place.
 F = Levels seen in this place.
 G = Mean time per level.
                   A        B        C        D        E       F      G
               +--------+--------+--------+--------+--------+-----+--------+
         Total |   1947 |   1943 |      4 |      0 |   1675 |   2 |  973.5 |
       Dungeon |   1947 |   1943 |      4 |      0 |   1675 |   2 |  973.5 |
               +--------+--------+--------+--------+--------+-----+--------+

Top non-repeatable levels by time:
     D:1: 987 daAuts
     D:2: 959 daAuts
